 Dungeon Crawl Stone Soup version 0.30.1 (webtiles) character file.

Game seed: 18274795479933987044

36 Pepete the Magician (level 3, -2/27 HPs)
             Began as a Djinni Fire Elementalist on July 5, 2023.
             Slain by a jackal (3 damage)
             ... on level 1 of the Dungeon.
             The game lasted 00:02:47 (1335 turns).

Pepete the Magician (Djinni Fire Elementalist)      Turns: 1335, Time: 00:02:48

Health: -2/27      AC:  2    Str:  7    XL:     3   Next: 57%
Gold:   59         EV: 12    Int: 18    God:
                   SH:  0    Dex: 13

rFire   + + .        (no weapon)
rCold   x . .        (no shield)
rNeg    . . .        a - +0 robe
rPois   ∞            (no helmet)
rElec   .            (no cloak)
rCorr   .            (no gloves)
SInv    .            (boots unavailable)
Will    .....        (no amulet)
Stlth   ++           (no ring)
HPRegen 0.24/turn    (no ring)
MPRegen 0.00/turn

%: infuse magic (-3 HP)
@: flying
A: sickness immunity, fire resistance 2, cold vulnerability 1, float, innate
caster, HP casting, extra vitality 1
a: no special abilities


You were on level 1 of the Dungeon.
You visited 1 branch of the dungeon, and saw 1 of its levels.

You collected 59 gold pieces.

Inventory:

Hand Weapons
 e - a +1 spear of venom
Armour
 a - a +0 robe (worn)
Jewellery
 f - a ring of resist corrosion
Scrolls
 b - a scroll of teleportation {unknown}
 d - a scroll of magic mapping {unknown}
 g - a scroll of enchant armour {unknown}
 i - a scroll of poison {unknown}
 j - a scroll of identify {unknown}
Potions
 c - a potion of cancellation {unknown}
 h - a potion of haste {unknown}


   Skills:
 + Level 1.1 Fighting
 + Level 1.0 Armour
 - Level 2.1 Dodging
 - Level 1.5 Stealth
 * Level 2.8 Spellcasting
 + Level 1.0 Invocations


You knew the following spells:

 Your Spells              Type           Power      Damage    Failure   Level
a - Foxfire               Conj/Fire      48%        2x1d6     4%          1
b - Scorch                Fire           24%        2d6       8%          2
c - Volatile Blastmotes   Fire/Tloc      24%        2d12      16%         3
d - Inner Flame           Hex/Fire       12%        N/A       16%         3
e - Flame Wave            Conj/Fire      12%        2d6       45%         4
f - Freeze                Ice            48%        1d6       4%          1
Your spell library was empty.

Dungeon Overview and Level Annotations

Branches:
Dungeon (1/15)

Altars:


Innate Abilities, Weirdness & Mutations

You are immune to sickness and miasma.
You are immune to poison.
Your flesh is very heat resistant. (rF++)
You are vulnerable to cold. (rC-)
You float through the air rather than walking.
You learn spells naturally, not from books.
Your magical power is your life essence.
You have superior vitality. (+4 MHP)


Message History

The jackal stops to sniff the ground.
The jackal closely misses you.
Your foxfire dissipates!
You conjure some foxfire!
The jackal bites you.
Your foxfire dissipates!
The jackal closely misses you.
You are too injured to fight recklessly!
You are too injured to fight recklessly!
You are too injured to fight recklessly!
The jackal bites you.
Sorry, you're not good enough to have a special ability.
Unknown command.
Casting: Foxfire (safe; 5% risk of failure)
Confirm with . or Enter, or press ? or * to list all spells.
Flames lash the jackal.
The jackal is heavily wounded.
The jackal's fire resistance burns away.
The jackal bites you.
* * * LOW HITPOINT WARNING * * *
The jackal attacks as you move away! The jackal barely misses you.
Casting: Scorch (safe; 8% risk of failure)
Confirm with . or Enter, or press ? or * to list all spells.
Flames lash the jackal.
You kill the jackal!
* * * LOW HITPOINT WARNING * * *
The jackal bites you but does no damage.
The jackal attacks as you move away! The jackal bites you.
* * * LOW HITPOINT WARNING * * *
The jackal is no longer more vulnerable to fire.
Unknown command.
Casting: Scorch (safe; 8% risk of failure)
Confirm with . or Enter, or press ? or * to list all spells.
The spell is quite dangerous to miscast (16% risk of failure)!
Continue anyway?
A cloud of volatile blastmotes flares up around you!
* * * LOW HITPOINT WARNING * * *
The jackal bites you.
* * * LOW HITPOINT WARNING * * *
The jackal stops to sniff the ground.
The jackal bites you.
You die...

#####[#.# #.......#
#.#####.# #.# #.#####
#.#...# #.#...#
##############.#.).#
#>....@hh......#...#
#..#############...####
#...# ###### #.......
#.#.# #....# #.......
#.#.####....######.....
#.#....'...............
###+######....######.....
#.............# #.....
#.............# #.....


You could see 2 jackals.

Vanquished Creatures
  2 dart slugs (D:1)
  5 bats (D:1)
  5 endoplasms (D:1)
  3 giant cockroaches (D:1)
  3 hobgoblins (D:1)
  A jackal (D:1)
  A quokka (D:1)
  3 ball pythons (D:1)
  3 kobolds (D:1)
  4 rats (D:1)
30 creatures vanquished.

Vanquished Creatures (others)
  143 foxfires (D:1)
143 creatures vanquished.

Grand Total: 173 creatures vanquished

Notes
Turn   | Place    | Note
-------+----------+-------------------------------------------
     0 | D:1      | Pepete the Djinni Fire Elementalist began the quest for the
                  | Orb.
     0 | D:1      | Pepete set off with the following spells memorised:
                  | Foxfire, Scorch, Volatile Blastmotes, Inner Flame, Flame
                  | Wave.
     0 | D:1      | Reached XP level 1. HP: 15/15 MP: 0/0
   377 | D:1      | Reached XP level 2. HP: 18/22 MP: 0/0
   608 | D:1      | Reached XP level 3. HP: 22/26 MP: 0/0
   608 | D:1      | Learned a level 1 spell: Freeze
   662 | D:1      | Reached skill level 1 in Armour
   677 | D:1      | Reached skill level 1 in Fighting
   678 | D:1      | Reached skill level 1 in Invocations
  1335 | D:1      | HP: 1/27 [jackal (2)]
  1335 | D:1      | Slain by a jackal

Illustrated notes

Levels and vault maps discovered:
D:1:      elethiomel_arrival_quiet, layout_basic

Skill      XL: |  1  2  3 |
---------------+----------+-----
Armour         | 1 |  1.0
Fighting       | 1 |  1.1
Invocations    | 1 |  1.0
Dodging        | |  2.1
Stealth        | |  1.5
Spellcasting   | |  2.8

Action                     || total
---------------------------++-------
   Cast: Foxfire           ||    98
         Scorch            ||     2
         Volatile Blastmot ||     1
 Armour: Robe              ||     7
  Dodge: Dodged            ||    30
